AoeStats
← Goldenthums2

Arabia

508659387Analyzed
3v3 RM · 9d ago on Sep 23, 2026· 55m 40s· 6 players
Game mode
Random Map
Map size
Normal (6 player)
Population
200
Speed
Normal
Resources
Standard
Victory
Conquest
Starting age
Dark Age
Ending age
Imperial Age
RankedLock teamsTeams togetherTeam positionsShared explorationLock speedFull tech treeHidden civsTurbo modeCheats
Victory
Defeat
🇩🇪 Byzantines · Germany
704
+14
🇺🇸 Romans · United States
653
+16
🇺🇸 Huns · United States
562
+19
🇪🇪 Gurjaras · Estonia
658
-17
🇰🇪 Japanese · Kenya
647
-16
🇪🇸 Chinese · Spain
632
-16
j.santosddd
0:36 Loom
10:10 Feudal Age
10:49 Double-Bit Axe
22:28 Castle Age
21:12 Stone Mining
21:14 Gold Mining
22:17 Padded Archer Armor
24:16 Wheelbarrow
31:29 Thumb Ring
32:22 Ballistics
35:50 Bow Saw
37:13 Fortified Wall
40:52 Imperial Age
39:15 Leather Archer Armor
38:56 Fletching
42:30 Ring Archer Armor
41:56 Bodkin Arrow
43:05 Chemistry
42:17 Masonry
Mihkel
0:40 Loom
12:59 Feudal Age
14:52 Double-Bit Axe
14:51 Horse Collar
21:14 Wheelbarrow
23:33 Castle Age
22:01 Arson
22:11 Town Watch
22:44 Stone Mining
22:49 Gold Mining
25:45 Scale Barding Armor
26:19 Bloodlines
26:09 Husbandry
30:39 Heavy Plow
31:31 Bow Saw
32:51 Chain Barding Armor
34:36 Forging
36:16 Iron Casting
38:03 Hand Cart
40:23 Caravan
40:53 Coinage
42:19 Kshatriyas
43:16 Gold Shaft Mining
43:58 Stone Shaft Mining
44:00 Padded Archer Armor
43:50 Fletching
46:10 Elite Skirmisher
55:26 Bodkin Arrow
55:47 Leather Archer Armor
54:56 Crossbowman
jorh.choxxy
1:01 Loom
13:37 Feudal Age
13:41 Man-at-Arms
15:41 Town Watch
30:51 Castle Age
30:12 Double-Bit Axe
31:56 Horse Collar
33:23 Squires
33:10 Gambesons
34:58 Bloodlines
35:41 Husbandry
35:17 Elite Skirmisher
39:15 Fortified Wall
40:53 Wheelbarrow
40:34 Arson
46:44 Imperial Age
46:37 Scale Barding Armor
46:33 Scale Mail Armor
50:15 Thumb Ring
49:32 Crossbowman
NC Buss
0:27 Loom
10:31 Feudal Age
18:36 Double-Bit Axe
20:45 Forging
26:43 Castle Age
26:12 Horse Collar
26:27 Stone Mining
26:32 Gold Mining
27:21 Bloodlines
29:26 Husbandry
30:05 Iron Casting
29:40 Scale Barding Armor
32:35 Heavy Plow
32:49 Bow Saw
33:18 Gold Shaft Mining
33:06 Masonry
35:48 Wheelbarrow
42:02 Imperial Age
40:52 Chain Barding Armor
42:25 Elite Tarkan
47:06 Blast Furnace
46:42 Plate Barding Armor
46:41 Conscription
47:59 Caravan
Goldenthums2
2:21 Loom
10:41 Feudal Age
18:51 Double-Bit Axe
18:56 Horse Collar
29:04 Castle Age
30:58 Heavy Plow
31:23 Bow Saw
36:26 Wheelbarrow
40:21 Imperial Age
38:18 Squires
39:08 Murder Holes
44:50 Pikeman
46:13 Conscription
49:33 Hand Cart
49:51 Comitatenses
49:57 Comitatenses
52:23 Ballistas
janderschnuggi
7:55 Loom
12:09 Feudal Age
13:07 Horse Collar
13:13 Double-Bit Axe
17:16 Fletching
17:26 Padded Archer Armor
23:20 Castle Age
24:25 Crossbowman
25:13 Thumb Ring
25:06 Bodkin Arrow
25:27 Leather Archer Armor
26:08 Bow Saw
26:04 Heavy Plow
27:13 Pikeman
28:51 Forging
31:28 Husbandry
31:40 Scale Barding Armor
32:10 Iron Casting
34:37 Wheelbarrow
38:46 Imperial Age
39:16 Chain Barding Armor
38:57 Scale Mail Armor
39:00 Squires
39:21 Hand Cart
41:04 Two-Man Saw
40:34 Heavy Camel Rider
41:55 Plate Barding Armor
41:21 Bracer
41:52 Ring Archer Armor
41:37 Chain Mail Armor
42:21 Conscription
43:08 Chemistry
42:14 Arbalester
43:07 Light Cavalry
44:46 Crop Rotation
43:41 Halberdier
45:20 Elite Skirmisher
46:24 Ballistics
47:28 Caravan
49:48 Hussar
51:01 Plate Mail Armor
56:09 Gold Mining
Connection lost

Rejoining the realm…

Still unreachable

The connection could not be restored.

Session expired

The server has moved on; the page needs a fresh start.